 Dungeon Crawl Stone Soup version 0.30-a0-965-g42e074c17a (webtiles) character file.

Game seed: 1832899347560768201

399 Sobieck the Magician (level 6, -1/41 HPs)
             Began as a Mummy Fire Elementalist on Mar 30, 2023.
             Was an Initiate of Vehumet.
             Killed from afar by an orc wizard (10 damage)
             ... with a magic dart
             ... on level 5 of the Dungeon.
             The game lasted 00:09:14 (4688 turns).

Sobieck the Magician (Mummy Fire Elementalist)      Turns: 4688, Time: 00:09:14

Health: -1/41      AC:  6    Str: 11    XL:     6   Next: 54%
Magic:  2/14       EV: 12    Int: 16    God:    Vehumet [......]
Gold:   73         SH:  0    Dex: 13    Spells: 12/15 levels left

rFire   x . .      SeeInvis .    i - +3 dagger {short}
rCold   + + .      Faith    +    (no shield)
rNeg    + + +      Spirit   .    a - +0 robe
rPois   ∞          Reflect  .    G - +1 hat
rElec   .          Rampage  .    (no cloak)
rCorr   .                        C - +1 pair of gloves {hurl}
Will    .....                    t - +0 pair of boots
Stlth   ++                       (no amulet)
HPRegen 0.26/turn                F - ring of protection from cold
MPRegen 0.14/turn                (no ring)

@: no status effects
A: cold resistance 1, negative energy resistance 3, torment resistance 2, heat
vulnerability 1, in touch with death 1, no potions, faith
a: Renounce Religion


You were on level 5 of the Dungeon.
You worshipped Vehumet.
Vehumet was noncommittal.
You visited 2 branches of the dungeon, and saw 6 of its levels.

You collected 289 gold pieces.
You spent 216 gold pieces at shops.


Innate Abilities, Weirdness & Mutations

You are immune to poison.
Your flesh is cold resistant. (rC+)
You are immune to negative energy. (rN+++)
You are immune to unholy pain and torment.
You are vulnerable to heat. (rF-)
You are in touch with the powers of death.
You do not drink.
You have a special connection with the divine. (Faith)


   Skills:
 - Level 1.5 Dodging
 - Level 1.5 Stealth
 + Level 5.3 Spellcasting
 + Level 3.2 Conjurations
 + Level 4.0 Fire Magic


You had 12 spell levels left.
You knew the following spells:

 Your Spells              Type           Power      Damage    Failure   Level
a - Foxfire               Conj/Fire      60%        2x1d4     3%          1
b - Scorch                Fire           34%        2d6       4%          2

Your spell library contained the following spells:

 Spells                   Type           Power      Damage    Failure   Level
 Apportation              Tloc           8%         N/A       14%         1
 Freeze                   Ice            16%        1d4       14%         1
 Inner Flame              Hex/Fire       10%        N/A       19%         3
 Ensorcelled Hibernation  Hex/Ice        8%         N/A       22%         2
 Passwall                 Tmut/Erth      3%         N/A       22%         2
 Kindle Blastsparks       Fire/Tloc/Air  16%        2d11      26%         3
 Flame Wave               Conj/Fire      15%        2d7       32%         4
 Swiftness                Air            4%         N/A       41%         3
 Animate Dead             Necr           6%         N/A       82%         4
 Borgnjor's Vile Clutch   Necr/Erth      3%         N/A       99%         5
 Death Channel            Necr           3%         N/A       100%        6
 Beastly Appendage        Tmut           Unusable   N/A       N/A         1

Inventory:

Hand Weapons
 b - a +0 dagger {short}
   (You took it off a goblin on level 1 of the Dungeon)
 g - a +0 club {mace}
   (You took it off a gnoll on level 1 of the Dungeon)
 h - a +0 dagger {short}
   (You took it off a goblin on level 1 of the Dungeon)
 i - a +3 dagger (weapon) {short}
   (You took it off a goblin on level 1 of the Dungeon)
 j - a +0 battleaxe {axe}
   (You found it on level 1 of the Dungeon)
 k - a +0 club {mace}
   (You found it on level 1 of the Dungeon)
 B - a +1 dagger of pain {short}
   (You took it off a goblin on level 3 of the Dungeon)
 D - a +0 rapier of venom {short}
   (You found it on level 3 of the Dungeon)
Missiles
 d - 55 stones {throwing}
 p - 4 poisoned darts {throwing}
 u - a throwing net {=f!fthrowing}
Armour
 a - a +0 robe (worn)
 e - a +0 robe
   (You found it on level 1 of the Dungeon)
 f - a +0 robe
   (You found it on level 1 of the Dungeon)
 m - a +0 robe
   (You found it on level 1 of the Dungeon)
 r - a +0 ring mail
   (You found it on level 2 of the Dungeon)
 s - a +0 ring mail
   (You found it on level 2 of the Dungeon)
 t - a +0 pair of boots (worn)
   (You found it on level 4 of the Dungeon)
 y - a +0 leather armour
   (You took it off an orc on level 3 of the Dungeon)
 z - a +0 leather armour
   (You took it off an orc on level 3 of the Dungeon)
 A - a +0 scale mail
   (You took it off an orc on level 3 of the Dungeon)
 C - a +1 pair of gloves of hurling (worn)
   (You found it on level 3 of the Dungeon)
 G - a +1 hat (worn)
   (You bought it in a shop on level 4 of the Dungeon)
 H - a +0 leather armour
   (You took it off an orc on level 4 of the Dungeon)
 K - a +0 leather armour
   (You took it off an orc on level 4 of the Dungeon)
 L - a +0 robe
   (You took it off an orc wizard on level 4 of the Dungeon)
 N - a +0 robe
   (You took it off an orc wizard on level 4 of the Dungeon)
 O - a +0 robe
   (You took it off an orc wizard on level 4 of the Dungeon)
 P - a +0 leather armour
   (You found it on level 4 of the Dungeon)
Jewellery
 E - a ring of ice
   (You found it on level 3 of the Dungeon)
 F - a ring of protection from cold (left hand)
   (You found it on level 4 of the Dungeon)
Wands
 o - a wand of roots (12)
   (You found it on level 2 of the Dungeon)
Scrolls
 c - 2 scrolls of magic mapping {!r}
 l - 3 scrolls of teleportation {@r4}
 n - 3 scrolls of enchant weapon
 v - a scroll of noise {!r}
 w - 2 scrolls of enchant armour
 x - a scroll of poison {unknown}
 I - a scroll of butterflies {unknown}
 J - a scroll of fear {unknown}
 M - a scroll of amnesia {unknown}

Dungeon Overview and Level Annotations

Branches:
Dungeon (5/15) Zot: 25548  Temple (1/1) D:4 Zot: 5763

Altars:
Ashenzari
Cheibriados
Gozag
Kikubaaqudgha
Makhleb
Nemelex Xobeh
Okawaru
Ru
Uskayaw
Vehumet
Wu Jian
Yredelemnul

Shops:
D:3 ?   D:4 *[:[*   D:5 *

Annotations:
D:1 treasure, passwall or shatter

..........##...
..................
.................
................#
.......................#
.... .... #...........+
...#.#... #....?§§§§.#
... ..#..
##....§#§§§#####.
..#......
#..@.o§§§§o..... ..#...#
#....##o§§§......
....###..
#..#####§§§......
......... #.##
#...§...## .........
###.# .....#....
......... #...# ..~≈..#
... .......####.#..#
..~≈~.[# ..
..######....#
.#...~≈~... .
..#.)§.§....#
....~≈...##


You could see an orc priest and an orc wizard.


Message History

The foxfire hits the orc.
You hit the orc.
You kill the orc!
Vehumet accepts your kill.
A hound comes into view.
A phantom comes into view.
Danger!
Casting: Foxfire (safe; 3% risk of failure)
Confirm with . or Enter, or press ? or * to list all spells.
Flames lash the hound.
The hound's fire resistance burns away.
You conjure some foxfire!
The phantom completely misses you.
You conjure some foxfire!
The foxfire hits the phantom but does no damage.
The foxfire hits the phantom.
The phantom hits you.
You conjure some foxfire!
The phantom hits you.
Unknown command.
You conjure some foxfire!
The foxfire hits the phantom but does no damage.
The foxfire hits the phantom. x2; The phantom closely misses you.
You conjure some foxfire!
The phantom hits you.
The phantom blinks!
You blink.
You conjure some foxfire!
The hound is no longer more vulnerable to fire.
The phantom hits you.
You are too injured to fight recklessly!
You are too injured to fight recklessly!
Unknown command.
You are too injured to fight recklessly!
The foxfire hits the hound. x2; The phantom closely misses you.
You are too injured to fight recklessly!
Unknown command.
You are too injured to fight recklessly!
Casting: Foxfire (safe; 3% risk of failure)
Confirm with . or Enter, or press ? or * to list all spells.
You conjure some foxfire!
The hound barely misses you. The phantom hits you.
The hound bites you but does no damage.
The foxfire hits the hound.
You kill the hound!
Vehumet accepts your kill.
The foxfire hits the phantom.
The phantom barely misses you.
Your Conjurations skill increases to level 3!
Casting: Foxfire (safe; 3% risk of failure)
Confirm with . or Enter, or press ? or * to list all spells.
You conjure some foxfire!
The phantom misses you.
Casting: Foxfire (safe; 3% risk of failure)
Confirm with . or Enter, or press ? or * to list all spells.
You conjure some foxfire!
The foxfire hits the phantom but does no damage.
The phantom hits you. The phantom barely misses you.
Unknown command.
The foxfire hits the phantom.
Casting: Foxfire (safe; 3% risk of failure)
Confirm with . or Enter, or press ? or * to list all spells.
You conjure some foxfire!
The phantom hits you but does no damage.
The foxfire hits the phantom. x2; The phantom hits you.
The phantom blinks!
You blink.
Unknown command.
Casting: Foxfire (safe; 3% risk of failure)
Confirm with . or Enter, or press ? or * to list all spells.
You conjure some foxfire!
The phantom hits you.
The phantom blinks!
You blink.
An orc wizard comes into view. It is wielding a +0 dagger.
Casting: Foxfire (safe; 3% risk of failure)
Confirm with . or Enter, or press ? or * to list all spells.
You conjure some foxfire!
The phantom hits you.
Unknown command.
The foxfire hits the phantom. x2; The phantom hits you.
* * * LOW HITPOINT WARNING * * *
The phantom blinks!
You blink.
An orc priest and an orc come into view.
The orc wizard closely misses you.
Casting: Foxfire (safe; 3% risk of failure)
Confirm with . or Enter, or press ? or * to list all spells.
Okay, then.
Unknown command.
You hit the phantom.
You destroy the phantom!
Vehumet accepts your kill. The orc wizard barely misses you.
Your Fire Magic skill increases to level 4!
Unknown command.
Unknown command.
As you read the scroll of fog, it crumbles to dust.
The scroll dissolves into smoke.
The orc wizard hits you but does no damage.
The orc wizard barely misses you.
The orc wizard attacks as you move away!
The orc wizard hits you with a +0 dagger.
* * * LOW HITPOINT WARNING * * *
The orc priest hits you with a +0 mace.
* * * LOW HITPOINT WARNING * * *
The orc priest attacks as you move away!
The orc priest hits you with a +0 mace.
* * * LOW HITPOINT WARNING * * *
The orc priest casts a cantrip, but nothing happens.
The orc wizard casts a spell at you. The magic dart hits you!
You die...

Skill      XL: |  1  2  3  4  5  6 |
---------------+-------------------+-----
Conjurations   | 1 2 3 |  3.2
Spellcasting   | 3 4 5 |  5.3
Fire Magic     | 3 4 |  4.0
Dodging        | |  1.5
Stealth        | |  1.5

Action                     |  1- 3 |  4- 6 || total
---------------------------+-------+-------++-------
  Melee: Dagger            |       |    12 ||    12
   Cast: Foxfire           |    56 |   106 ||   162
         Scorch            |       |     9 ||     9
    Use: Scroll            |       |     8 ||     8
 Armour: Robe              |     4 |    15 ||    19
  Dodge: Dodged            |    15 |    53 ||    68

Levels and vault maps discovered:
D:1:      evilmike_arrival_fibonacci_small, layout_basic,
          hellmonk_ecumenical_altar_defaced_shrine, kennysheep_small_spiral,
          due_unseen_surprise
D:2:      layout_loops_ring, basic_altar
D:3:      layout_loops_ring, mainiacjoe_overflow_large_starburst, serial_shops,
          shop_statue, minmay_goblin_kobold_house
D:4:      layout_gridville, mainiacjoe_overflow_chevrons, temple_doors_e,
          serial_shops, nicolae_square_shop, kennysheep_mini_moat,
          nicolae_diamond_shop, nicolae_shop_crystal, shop
D:5:      minmay_angry_zag, layout_cave_pools, nicolae_gozag_zags_fifth_avenue,
          gammafunk_ghost_stat_death, serial_column_ruins,
          column_ruins_hut_ruined, column_ruins_hut,
          column_ruins_columns_corner, column_ruins_grid_2,
          column_ruins_open_small_water, column_ruins_open_small,
          column_ruins_open_tiny, column_ruins_open_tiny
Temple:   dpeg_chambers_temple

Notes
Turn   | Place    | Note
-------+----------+-------------------------------------------
     0 | D:1      | Sobieck the Mummy Fire Elementalist began the quest for the
                  | Orb.
     0 | D:1      | Reached XP level 1. HP: 13/13 MP: 4/4
    82 | D:1      | Reached skill level 1 in Conjurations
   247 | D:1      | Reached skill level 3 in Spellcasting
   247 | D:1      | Reached XP level 2. HP: 13/19 MP: 1/6
   250 | D:1      | Learned a level 2 spell: Scorch
   611 | D:1      | Gained mutation: You are in touch with the powers of death.
                  | [Mummy growth]
   611 | D:1      | Reached XP level 3. HP: 24/24 MP: 5/7
   928 | D:1      | Found a faded altar of an unknown god.
  1324 | D:2      | Reached skill level 3 in Fire Magic
  1421 | D:2      | Found an iron altar of Okawaru.
  1547 | D:2      | Reached XP level 4. HP: 30/30 MP: 7/9
  1668 | D:2      | Reached skill level 2 in Conjurations
  1710 | D:2      | You pick up a book of Unlife and begin reading...
  1710 | D:2      | You add the spells Animate Dead, Borgnjor's Vile Clutch and
                  | Death Channel to your library.
  1716 | D:2      | You fall into a shaft and drop 2 floors!
  1813 | D:4      | Reached skill level 4 in Spellcasting
  1908 | D:4      | Reached XP level 5. HP: 24/35 MP: 3/11
  2074 | D:3      | Found Guhitz's Magic Scroll Boutique.
  2406 | D:3      | Bought a scroll of identify for 26 gold pieces
  2614 | D:3      | Found a hide-covered altar of Uskayaw.
  2808 | D:3      | Found a basalt altar of Yredelemnul.
  3553 | D:4      | Found a staircase to the Ecumenical Temple.
  3558 | Temple   | Entered the Ecumenical Temple
  3781 | Temple   | Became a worshipper of Vehumet
  3803 | D:4      | Found Zierause's General Store.
  3918 | D:4      | You add the spells Freeze and Apportation to your library.
  3918 | D:4      | Got Thaumaturgy for Learners
  3978 | D:4      | Found Acwek's Antique Armour Shop.
  4001 | D:4      | Bought a glowing hat for 154 gold pieces
  4019 | D:4      | Found Fiaff's Assorted Antiques.
  4023 | D:4      | Bought a scroll labelled PUIXOMINYU for 18 gold pieces
  4023 | D:4      | Bought a scroll labelled QYLIATRUI for 18 gold pieces
  4029 | D:4      | You pick up a book of Burglary and begin reading...
  4029 | D:4      | You add the spells Passwall, Ensorcelled Hibernation and
                  | Swiftness to your library.
  4035 | D:4      | Reached XP level 6. HP: 41/41 MP: 10/13
  4148 | D:4      | Reached skill level 5 in Spellcasting
  4297 | D:4      | Found Qasyso's Antique Armour Emporium.
  4307 | D:4      | Found Qoikk's Book Emporium.
  4587 | D:5      | Entered Level 5 of the Dungeon
  4592 | D:5      | Found an opulent altar of Gozag.
  4594 | D:5      | Found Gozag's Platinum Reserve.
  4673 | D:5      | Reached skill level 3 in Conjurations
  4683 | D:5      | Reached skill level 4 in Fire Magic
  4687 | D:5      | HP: 9/41 [orc priest/+0 mace (4)]
  4688 | D:5      | Killed from afar by an orc wizard

Vanquished Creatures
  A phantom (D:5)
  A hound (D:5)
  An orc priest (D:3)
  An iguana (D:3)
  3 orc wizards (D:4)
  4 gnolls
  4 adders
  A worm (D:3)
  2 dart slugs
  10 orcs
  6 ball pythons
  3 endoplasms (D:1)
  5 giant cockroaches
  13 goblins
  11 hobgoblins
  2 quokkas
  2 bats
  2 frilled lizards (D:1)
  5 kobolds
  4 rats
81 creatures vanquished.

Vanquished Creatures (others)
  256 foxfires
256 creatures vanquished.

Grand Total: 337 creatures vanquished

Table legend:
 A = Non-vault XP
 B = Vault XP
 C = Vault XP percentage of total XP
 D = Non-vault monster count
 E = Vault monster count
 F = Vault count percentage of total count
                 A         B        C        D         E       F
            +---------+---------+-------+---------+---------+-------
      Total |     409 |     162 |  28.4 |      72 |       9 |  11.1
            +---------+---------+-------+---------+---------+-------
        D:1 |      58 |       4 |   6.5 |      26 |       2 |   7.1
        D:2 |      53 |       0 |   0.0 |      12 |       0 |   0.0
        D:3 |     136 |       8 |   5.6 |      21 |       4 |  16.0
        D:4 |     162 |       0 |   0.0 |      13 |       0 |   0.0
        D:5 |       0 |     150 | 100.0 |       0 |       3 | 100.0
            +---------+---------+-------+---------+---------+-------

Illustrated notes

Table legend:
 A = Kills in this place as a percentage of kills in the entire game.
 B = Kills by you in this place as a percentage of kills by you in the entire game.
 C = Kills by friends in this place as a percentage of kills by friends in the entire game.
 D = Other kills in this place as a percentage of other kills in the entire game.
 E = Experience gained in this place as a percentage of experience gained in the entire game.
 F = Experience gained in this place divided by the number of levels of this place that you have seen.
                   A       B       C       D       E      F
               +-------+-------+-------+-------+-------+----------------------
         Total | 100.0 | 100.0 |   N/A |   N/A | 100.0 |  95.2
       Dungeon | 100.0 | 100.0 |   N/A |   N/A | 100.0 | 114.2
               +-------+-------+-------+-------+-------+----------------------

Table legend: (Time is in decaauts)
 A = Elapsed time spent in this place.
 B = Non-inter-level travel time spent in this place.
 C = Inter-level travel time spent in this place.
 D = Time resting spent in this place.
 E = Time spent auto-exploring this place.
 F = Levels seen in this place.
 G = Mean time per level.
                   A        B        C        D        E       F      G
               +--------+--------+--------+--------+--------+-----+--------+
         Total |   4687 |   4535 |    152 |    254 |   3743 |   6 |  781.2 |
       Dungeon |   4450 |   4311 |    139 |    254 |   3531 |   5 |  890.0 |
        Temple |    236 |    223 |     13 |      0 |    212 |   1 |  236.0 |
               +--------+--------+--------+--------+--------+-----+--------+

Top non-repeatable levels by time:
     D:1: 1313 daAuts
     D:3: 1234 daAuts
     D:4: 1099 daAuts
     D:2: 702 daAuts
  Temple: 236 daAuts
     D:5: 100 daAuts
